 Dungeon Crawl Stone Soup version 0.21-a0-634-gaf8bc5d (webtiles) character file.

100 tof the Slasher (level 4, -3/35 HPs)
             Began as a Demonspawn Monk on Dec 29, 2017.
             Slain by a gnoll (7 damage)
             ... on level 1 of the Dungeon.
             The game lasted 00:02:52 (2111 turns).

tof the Slasher (Demonspawn Monk)                   Turns: 2111, Time: 00:02:53

Health: -3/35      AC:  2    Str: 12    XL:     4   Next: 47%
Magic:  0/4        EV: 13    Int: 11    God:
Gold:   60         SH:  0    Dex: 16    Spells: 3/3 levels left

rFire    . . .     SeeInvis .   a - +0 falchion
rCold    . . .     Gourm    .   (no shield)
rNeg     . . .     Faith    .   b - +0 robe
rPois    .         Spirit   +   (no helmet)
rElec    .         Reflect  .   (no cloak)
rCorr    .         Harm     .   (no gloves)
MR       .....                  (no boots)
Stlth    ++........             (no amulet)
HPRegen  0.11/turn              (no ring)
MPRegen  0.09/turn              (no ring)

@: no status effects
A: talons 1, magic shield
a: no special abilities


You were on level 1 of the Dungeon.
You were not hungry.

You visited 1 branch of the dungeon, and saw 2 of its levels.

You collected 60 gold pieces.

Inventory:

Hand Weapons
 a - a +0 falchion (weapon)
Armour
 b - a +0 robe (worn)
Scrolls
 g - a scroll of identify {unknown}
 i - a scroll of teleportation {unknown}
 j - a scroll of remove curse {unknown}
 k - a scroll of immolation {unknown}
Potions
 e - 2 potions of heal wounds {unknown}
 f - a potion of lignification {unknown}
 h - a potion of agility {unknown}
Comestibles
 c - 2 rations
 d - 2 chunks of flesh


   Skills:
 + Level 3.5 Fighting
 * Level 3.7 Long Blades
 + Level 1.4 Throwing
 + Level 1.3 Armour
 - Level 2.6 Dodging
 - Level 1.7 Stealth


You had 3 spell levels left.
You didn't know any spells.

Dungeon Overview and Level Annotations

Branches:
Dungeon (2/15)

Altars:


Innate Abilities, Weirdness & Mutations

You have sharp toenails.
When hurt, damage is shared between your health and your magic reserves.


Message History

Things that are here:
a club x2; a hobgoblin corpse You barely miss the gnoll.
The gnoll hits you.
* * * LOW HITPOINT WARNING * * *
You closely miss the gnoll. The gnoll barely misses you.
You hit the gnoll. Your kick misses the gnoll.
The gnoll is moderately wounded.
The gnoll hits you.
* * * LOW HITPOINT WARNING * * *
The gnoll hits you.
* * * LOW HITPOINT WARNING * * *
You barely miss the gnoll.
The gnoll is moderately wounded.
The gnoll barely misses you.
You riposte.
You hit the gnoll but do no damage. You claw the gnoll.
The gnoll is heavily wounded.
You closely miss the gnoll. You claw the gnoll.
The gnoll is almost dead.
The gnoll hits you!
You die...

#.# #.# #.## ##.......
##.#########.#
##.###.######.
#.#.##.......# ##.#.## #.
.###.#.################.##
## #.#..#.###..........#
#.# ##.#.)..##.########.#
#.# ##.#...).........##)#
#.# #..##...##.#####.##.#
#.# ...###.###.# #@##(#
#.# #..# #.# #.# #g##.#
#.# #..# #.# #.#####)##.#
#.# ## #..#
#.###..........# #.# #.
#..# #...#######..###
#.########. ...# ###.#
##.# #.......... ##.# #.#
#.# ##########. #.# #.#
######.# ############. #.#
#.###...##.# #............


You could see a gnoll.

Vanquished Creatures
  2 gnolls (D:1)
  2 adders
  An ooze (D:1)
  2 dart slugs (D:1)
  2 leopard geckos (D:1)
  2 giant cockroaches (D:1)
  11 goblins (D:1)
  6 hobgoblins (D:1)
  3 jackals (D:2)
  6 kobolds
  A ball python (D:1)
  8 bats (D:1)
  3 frilled lizards
  3 rats (D:1)
52 creatures vanquished.

Notes
Turn   | Place    | Note
-------+----------+-------------------------------------------
     0 | D:1      | tof the Demonspawn Monk began the quest for the Orb.
     0 | D:1      | Reached XP level 1. HP: 18/18 MP: 1/1
    72 | D:1      | Gained mutation: You have sharp toenails. [demonic ancestry]
    72 | D:1      | Reached XP level 2. HP: 22/24 MP: 2/2
   620 | D:1      | Reached XP level 3. HP: 21/29 MP: 3/3
   750 | D:1      | Reached skill level 1 in Throwing
   876 | D:1      | Reached skill level 1 in Armour
  1368 | D:1      | Gained mutation: When hurt, damage is shared between your health and your magic reserves. [demonic ancestry]
  1368 | D:1      | Reached XP level 4. HP: 20/35 MP: 4/4
  2111 | D:1      | Slain by a gnoll

Vault maps used:
D:1:      dpeg_arrival_rhombi, minmay_vboxes
D:2:      cheibrodos_gnoll_hut

Skill      XL: |  1  2  3 |
---------------+----------+-----
Long Blades    | 3 |  3.7
Throwing       | 1 |  1.4
Armour         | 1 |  1.3
Fighting       | |  3.5
Dodging        | |  2.6
Stealth        | |  1.7

Action                   |  1- 3 |  4- 6 || total
-------------------------+-------+-------++-------
Melee: Falchion          |    95 |    40 ||   135
       Kick              |    19 |    13 ||    32
 Stab: Sleeping          |     6 |       ||     6
       Distracted        |     1 |       ||     1
  Eat: Chunk             |     1 |     3 ||     4
Armor: Robe              |    16 |    10 ||    26
Dodge: Dodged            |    72 |    46 ||   118
       Rpst.: Falchion   |    25 |    10 ||    35

Table legend:
 A = Spawn XP
 B = Non-spawn XP
 C = Spawn XP percentage of total XP
 D = Spawn monster count
 E = Non-spawn monster count
 F = Spawn count percentage of total count
 G = Total turns spent on level
                    A         B        C        D         E        F      G
               +---------+---------+-------+---------+---------+-------+---------
         Total |       0 |     144 |   0.0 |       0 |      52 |   0.0 |  2111
               +---------+---------+-------+---------+---------+-------+---------
           D:1 |       0 |     122 |   0.0 |       0 |      46 |   0.0 |  1906
           D:2 |       0 |      22 |   0.0 |       0 |       6 |   0.0 |   205
               +---------+---------+-------+---------+---------+-------+---------
